 Dungeon Crawl Stone Soup version 0.21.1-1-g345015f (webtiles) character file.

1521 Mgcat the Insei (level 8, -10/61 HPs)
             Began as a Gnoll Transmuter on Mar 25, 2018.
             Was an Initiate of Sif Muna.
             Mangled by ZomBoFoB's ghost (13 damage)
             ... on level 5 of the Dungeon.
             The game lasted 00:20:20 (3203 turns).

Mgcat the Insei (Gnoll Transmuter)                  Turns: 3203, Time: 00:20:21

Health: -10/61     AC:  2    Str: 12    XL:     8   Next: 84%
Magic:  12/17      EV: 32    Int: 19    God:    Sif Muna [......]
Gold:   177        SH:  0    Dex: 25    Spells: 4/19 levels left

rFire    + . .     SeeInvis .     - Unarmed
rCold    . . .     Gourm    .   (shield currently unavailable)
rNeg     . . .     Faith    .   (armour currently unavailable)
rPois    x         Spirit   .   (helmet currently unavailable)
rElec    .         Reflect  .   (cloak currently unavailable)
rCorr    .         Harm     .   (gloves currently unavailable)
MR       .....                  (boots currently unavailable)
Stlth    ++++......             y - amulet of rage {+Rage, !d}
HPRegen  0.20/turn              (no ring)
MPRegen  0.15/turn              l - ring of protection from fire {rF+, !d}

@: agile, spider-form
A: tiny, distributed training, strong nose
a: End Transformation, Renounce Religion, Evoke Berserk Rage


You were on level 5 of the Dungeon.
You worshipped Sif Muna.
Sif Muna was noncommittal.
You were not hungry.
You were a venomous arachnid creature.
You visited 2 branches of the dungeon, and saw 6 of its levels.

You collected 177 gold pieces.

Inventory:

Missiles
 a - 46 arrows
 o - 20 sling bullets
 p - 3 javelins (quivered)
 q - 245 stones
Armour
 b - a +1 robe (melded)
 w - a +1 hat
   (You found it on level 3 of the Dungeon)
Magical Staves
 B - an uncursed staff of earth (melded)
   (You found it on level 3 of the Dungeon)
Jewellery
 l - a ring of protection from fire (right front leg) {rF+, !d}
   (You took it off a goblin on level 2 of the Dungeon)
 y - an amulet of rage (around neck) {+Rage, !d}
   (You found it on level 3 of the Dungeon)
Wands
 t - a wand of flame (31)
   (You took it off Sigmund on level 2 of the Dungeon)
Scrolls
 e - a scroll of immolation {unknown}
 g - 3 scrolls of blinking {!r}
 j - 3 scrolls of teleportation
 s - 2 scrolls of remove curse
 v - 4 scrolls of identify
 x - a scroll of fear {unknown}
 A - a scroll of amnesia
 C - a scroll of enchant armour
Potions
 h - 2 potions of mutation {unknown}
 k - a potion of invisibility {unknown}
 m - 2 potions of might {unknown}
 n - a potion of lignification {unknown}
 r - a potion of flight
 u - 3 potions of curing {unknown}
 z - a potion of haste {unknown}
 D - a potion of heal wounds {unknown}
Books
 c - a book of Changes
Comestibles
 d - 3 rations
 f - 5 chunks of flesh {@w0}


   Skills:
 + Level 4.4 Fighting
 + Level 3.5 Short Blades
 + Level 3.5 Long Blades
 + Level 3.5 Axes
 + Level 3.5 Maces & Flails
 + Level 3.5 Polearms
 + Level 3.5 Staves
 + Level 3.5 Slings
 + Level 3.5 Bows
 + Level 3.5 Crossbows
 + Level 3.5 Throwing
 + Level 3.5 Armour
 + Level 5.8 Dodging
 + Level 3.5 Stealth
 + Level 3.5 Shields
 + Level 7.5 Unarmed Combat
 + Level 6.2 Spellcasting
 + Level 2.9 Conjurations
 + Level 2.9 Hexes
 + Level 2.9 Charms
 + Level 2.9 Summonings
 + Level 2.9 Necromancy
 + Level 2.9 Translocations
 + Level 4.8 Transmutations
 + Level 2.9 Fire Magic
 + Level 2.9 Ice Magic
 + Level 2.9 Air Magic
 + Level 2.9 Earth Magic
 + Level 2.9 Poison Magic
 + Level 3.9 Invocations
 + Level 3.5 Evocations


You had 4 spell levels left.
You knew the following spells:

 Your Spells              Type           Power        Failure   Level  Hunger
a - Beastly Appendage     Tmut           ###...       7%          1    None
b - Sticks to Snakes      Tmut           ###.....     9%          2    None
c - Spider Form           Tmut/Pois      ###.......   19%         3    ##.....
d - Ice Form              Ice/Tmut       ###.....     43%         4    ####...
e - Blade Hands           Tmut           ###.......   61%         5    #####..


Dungeon Overview and Level Annotations

Branches:
Dungeon (5/15)             Temple (1/1) D:5

Altars:
Dithmenos
Gozag
Kikubaaqudgha
Sif Muna
Uskayaw

Annotations:
D:5 ZomBoFoB's ghost, novice SpBe


Innate Abilities, Weirdness & Mutations

Your experience applies equally to all skills.
((You have very sharp teeth.))
Your uncanny sense of smell can sniff out nearby items.


Message History

The phantom is lightly damaged.
The iguana hisses angrily.
The phantom hits you!
You hit the phantom.
The phantom is lightly damaged.
The phantom misses you.
The iguana hisses menacingly.
You hit the phantom.
The phantom is lightly damaged.
The phantom completely misses you.
You bite the phantom!
The phantom is heavily damaged.
The phantom misses you.
ZomBoFoB's ghost (novice Spriggan Berserker) comes into view.
ZomBoFoB's ghost turns its malevolent gaze towards you.
You hit the phantom.
The phantom is heavily damaged.
The phantom completely misses you.
You bite the phantom!
The phantom is almost destroyed.
You hit the phantom.
The phantom is almost destroyed.
The phantom blinks!
You barely miss the iguana. The iguana misses you.
You bite the iguana!
The iguana is poisoned.
The iguana is heavily wounded.
The iguana misses you.
You hit the iguana but do no damage.
The iguana looks as sick as possible!
The iguana is heavily wounded.
The iguana completely misses you.
You hit the iguana.
You kill the iguana!
Sif Muna accepts your kill. The phantom hits you.
The phantom blinks!
You bite ZomBoFoB's ghost!
ZomBoFoB's ghost is moderately damaged.
You completely miss ZomBoFoB's ghost.
ZomBoFoB's ghost is moderately damaged.
ZomBoFoB's ghost barely misses you.
You bite ZomBoFoB's ghost!
ZomBoFoB's ghost is heavily damaged.
ZomBoFoB's ghost hits you!
You miss ZomBoFoB's ghost.
ZomBoFoB's ghost is heavily damaged.
ZomBoFoB's ghost misses you.
You hit ZomBoFoB's ghost.
ZomBoFoB's ghost is heavily damaged.
ZomBoFoB's ghost hits you!
You completely miss ZomBoFoB's ghost.
ZomBoFoB's ghost is heavily damaged.
ZomBoFoB's ghost completely misses you.
You miss ZomBoFoB's ghost.
ZomBoFoB's ghost is heavily damaged.
You closely miss ZomBoFoB's ghost.
ZomBoFoB's ghost is heavily damaged.
Your transformation is almost over.
ZomBoFoB's ghost completely misses you.
You closely miss ZomBoFoB's ghost.
ZomBoFoB's ghost is heavily damaged.
ZomBoFoB's ghost barely misses you.
You feel agile all of a sudden. ZomBoFoB's ghost hits you!
* * * LOW HITPOINT WARNING * * *
You hit ZomBoFoB's ghost but do no damage.
ZomBoFoB's ghost is heavily damaged.
ZomBoFoB's ghost hits you.
* * * LOW HITPOINT WARNING * * *
You closely miss ZomBoFoB's ghost.
ZomBoFoB's ghost is heavily damaged.
ZomBoFoB's ghost completely misses you.
You hit ZomBoFoB's ghost but do no damage.
ZomBoFoB's ghost is heavily damaged.
You hit the phantom.
You destroy the phantom!
Sif Muna accepts your kill.
You hit ZomBoFoB's ghost.
ZomBoFoB's ghost is heavily damaged.
ZomBoFoB's ghost misses you.
You hit ZomBoFoB's ghost.
ZomBoFoB's ghost is severely damaged.
ZomBoFoB's ghost misses you.
You closely miss ZomBoFoB's ghost.
ZomBoFoB's ghost is severely damaged.
You miss ZomBoFoB's ghost.
ZomBoFoB's ghost is severely damaged.
Your transformation has ended.
Your uncursed staff of earth unmelds from your body.
Your +1 robe unmelds from your body.
ZomBoFoB's ghost misses you.
Casting: Spider Form
Confirm with . or Enter, or press ? or * to list all spells.
You turn into a venomous arachnid creature.
Your uncursed staff of earth melds into your body.
Your +1 robe melds into your body.
ZomBoFoB's ghost hits you.
* * * LOW HITPOINT WARNING * * *
Casting: Spider Form
Confirm with . or Enter, or press ? or * to list all spells.
You create 2 snakes!
You now have 46 arrows.
ZomBoFoB's ghost hits you!
* * * LOW HITPOINT WARNING * * *
ZomBoFoB's ghost hits you!
You die...

#.......# #.........# ###
#.......# #.........#. ...##
#.......# #........... .....##
#.......# #...........
......###.......# #..)......#
#$....#.......# ##.........#
#.............# #..........#
##..........S###.###......#
#.##......S.sW$.....#.#.##
###.###.##.#####.##........!
#..............§†##..........
###..........##......(.........
.##...........#....###......
.##.................. ....
.....###...#........## ....
.)..## ##.#......... ..#.##
....##.##...


You could see ZomBoFoB's ghost and 2 friendly ball pythons.

Vanquished Creatures
  Pikel (D:4)
  Sigmund (D:2)
  Edmund (D:4)
  A slave (D:4)
  An ice beast (D:5)
  A phantom (D:5)
  Blork the orc (D:4)
  2 howler monkeys (D:4)
  A hound (D:4)
  A jelly (D:5)
  Ijyb (D:3)
  Natasha (thrice) (D:4)
  3 iguanas (D:5)
  3 orc wizards (D:3)
  A worker ant (D:4)
  A howler monkey skeleton (D:4)
  An adder (D:3)
  3 worms
  A dart slug (D:2)
  7 leopard geckos
  11 orcs
  A ball python (D:3)
  12 bats
  7 goblins
  8 hobgoblins
  7 jackals
  3 quokkas
  2 frilled lizards
  7 kobolds
  7 rats
100 creatures vanquished.

Vanquished Creatures (collateral kills)
  An adder (D:2)
1 creature vanquished.

Vanquished Creatures (others)
  An orc priest (D:4)
  2 orcs (D:4)
  A quokka skeleton (D:4)
4 creatures vanquished.

Grand Total: 105 creatures vanquished

Notes
Turn   | Place    | Note
-------+----------+-------------------------------------------
     0 | D:1      | Mgcat the Gnoll Transmuter began the quest for the Orb.
     0 | D:1      | Reached XP level 1. HP: 17/17 MP: 6/6
    89 | D:1      | Reached XP level 2. HP: 23/23 MP: 5/7
   391 | D:1      | Reached XP level 3. HP: 27/28 MP: 9/9
   526 | D:1      | Reached skill level 5 in Spellcasting
   977 | D:2      | Found a shadowy altar of Dithmenos.
  1006 | D:2      | Reached skill level 1 in Invocations
  1031 | D:2      | Learned a level 2 spell: Sticks to Snakes
  1035 | D:2      | Learned a level 3 spell: Spider Form
  1268 | D:2      | Reached skill level 1 in Short Blades
  1268 | D:2      | Reached skill level 1 in Long Blades
  1268 | D:2      | Reached skill level 1 in Axes
  1268 | D:2      | Reached skill level 1 in Maces & Flails
  1268 | D:2      | Reached skill level 1 in Polearms
  1268 | D:2      | Reached skill level 1 in Staves
  1268 | D:2      | Reached skill level 1 in Slings
  1268 | D:2      | Reached skill level 1 in Bows
  1268 | D:2      | Reached skill level 1 in Crossbows
  1268 | D:2      | Reached skill level 1 in Throwing
  1268 | D:2      | Reached skill level 1 in Armour
  1268 | D:2      | Reached skill level 1 in Stealth
  1268 | D:2      | Reached skill level 1 in Shields
  1268 | D:2      | Reached skill level 1 in Evocations
  1277 | D:2      | Reached XP level 4. HP: 33/34 MP: 8/11
  1331 | D:2      | Noticed Sigmund
  1338 | D:2      | Killed Sigmund
  1338 | D:2      | Reached skill level 3 in Fighting
  1338 | D:2      | Reached skill level 1 in Conjurations
  1338 | D:2      | Reached skill level 1 in Hexes
  1338 | D:2      | Reached skill level 1 in Charms
  1338 | D:2      | Reached skill level 1 in Summonings
  1338 | D:2      | Reached skill level 1 in Necromancy
  1338 | D:2      | Reached skill level 1 in Translocations
  1338 | D:2      | Reached skill level 4 in Transmutations
  1338 | D:2      | Reached skill level 1 in Fire Magic
  1338 | D:2      | Reached skill level 1 in Ice Magic
  1338 | D:2      | Reached skill level 1 in Air Magic
  1338 | D:2      | Reached skill level 1 in Earth Magic
  1338 | D:2      | Reached skill level 1 in Poison Magic
  1338 | D:2      | Reached XP level 5. HP: 37/41 MP: 8/12
  1648 | D:3      | Reached XP level 6. HP: 45/47 MP: 13/13
  1691 | D:3      | Reached skill level 2 in Invocations
  1787 | D:3      | Reached skill level 2 in Short Blades
  1787 | D:3      | Reached skill level 2 in Long Blades
  1787 | D:3      | Reached skill level 2 in Axes
  1787 | D:3      | Reached skill level 2 in Maces & Flails
  1787 | D:3      | Reached skill level 2 in Polearms
  1787 | D:3      | Reached skill level 2 in Staves
  1787 | D:3      | Reached skill level 2 in Slings
  1787 | D:3      | Reached skill level 2 in Bows
  1787 | D:3      | Reached skill level 2 in Crossbows
  1787 | D:3      | Reached skill level 2 in Throwing
  1787 | D:3      | Reached skill level 2 in Armour
  1787 | D:3      | Reached skill level 5 in Dodging
  1787 | D:3      | Reached skill level 2 in Stealth
  1787 | D:3      | Reached skill level 2 in Shields
  1787 | D:3      | Reached skill level 2 in Evocations
  2009 | D:3      | Noticed Ijyb
  2022 | D:3      | Killed Ijyb
  2299 | D:3      | Learned a level 4 spell: Ice Form
  2305 | D:3      | Learned a level 5 spell: Blade Hands
  2325 | D:4      | Noticed a slave
  2327 | D:4      | Noticed a slave
  2327 | D:4      | Noticed Pikel
  2327 | D:4      | Noticed a slave
  2328 | D:4      | Noticed a slave
  2343 | D:4      | Killed Pikel
  2343 | D:4      | Reached skill level 7 in Unarmed Combat
  2343 | D:4      | Reached skill level 2 in Conjurations
  2343 | D:4      | Reached skill level 2 in Hexes
  2343 | D:4      | Reached skill level 2 in Charms
  2343 | D:4      | Reached skill level 2 in Summonings
  2343 | D:4      | Reached skill level 2 in Necromancy
  2343 | D:4      | Reached skill level 2 in Translocations
  2343 | D:4      | Reached skill level 2 in Fire Magic
  2343 | D:4      | Reached skill level 2 in Ice Magic
  2343 | D:4      | Reached skill level 2 in Air Magic
  2343 | D:4      | Reached skill level 2 in Earth Magic
  2343 | D:4      | Reached skill level 2 in Poison Magic
  2343 | D:4      | Reached skill level 3 in Invocations
  2343 | D:4      | Reached XP level 7. HP: 41/53 MP: 9/15
  2345 | D:4      | Reached XP level 8. HP: 47/60 MP: 9/16
  2521 | D:4      | Noticed Edmund
  2528 | D:4      | Noticed Blork the orc
  2537 | D:4      | Reached skill level 4 in Fighting
  2537 | D:4      | Reached skill level 3 in Short Blades
  2537 | D:4      | Reached skill level 3 in Long Blades
  2537 | D:4      | Reached skill level 3 in Axes
  2537 | D:4      | Reached skill level 3 in Maces & Flails
  2537 | D:4      | Reached skill level 3 in Polearms
  2537 | D:4      | Reached skill level 3 in Staves
  2537 | D:4      | Reached skill level 3 in Slings
  2537 | D:4      | Reached skill level 3 in Bows
  2537 | D:4      | Reached skill level 3 in Crossbows
  2537 | D:4      | Reached skill level 3 in Throwing
  2537 | D:4      | Reached skill level 3 in Armour
  2537 | D:4      | Reached skill level 3 in Stealth
  2537 | D:4      | Reached skill level 3 in Shields
  2537 | D:4      | Reached skill level 3 in Evocations
  2537 | D:4      | Killed Edmund
  2543 | D:4      | Killed Blork the orc
  2543 | D:4      | Reached skill level 6 in Spellcasting
  2567 | D:4      | Found a hide-covered altar of Uskayaw.
  2660 | D:4      | Noticed Natasha
  2667 | D:4      | Killed Natasha
  2680 | D:4      | Noticed Natasha
  2685 | D:4      | Killed Natasha
  2960 | D:4      | Noticed Natasha
  2966 | D:4      | Killed Natasha
  2983 | D:5      | Entered Level 5 of the Dungeon
  3021 | D:5      | Found a staircase to the Ecumenical Temple.
  3064 | Temple   | Entered the Ecumenical Temple
  3070 | Temple   | Became a worshipper of Sif Muna the Loreminder
  3174 | D:5      | Noticed ZomBoFoB's ghost (novice SpBe)
  3201 | D:5      | HP: 13/61 [ZomBoFoB's ghost (4)]
  3202 | D:5      | HP: 2/61 [ZomBoFoB's ghost (11)]
  3203 | D:5      | Mangled by ZomBoFoB's ghost

Skill      XL: |  1  2  3  4  5  6  7  8 |
---------------+-------------------------+-----
Spellcasting   | 5 6 |  6.2
Invocations    | 1 3 |  3.9
Short Blades   | 1 2 3 |  3.5
Long Blades    | 1 2 3 |  3.5
Axes           | 1 2 3 |  3.5
Maces & Flails | 1 2 3 |  3.5
Polearms       | 1 2 3 |  3.5
Staves         | 1 2 3 |  3.5
Slings         | 1 2 3 |  3.5
Bows           | 1 2 3 |  3.5
Crossbows      | 1 2 3 |  3.5
Throwing       | 1 2 3 |  3.5
Armour         | 1 2 3 |  3.5
Stealth        | 1 2 3 |  3.5
Shields        | 1 2 3 |  3.5
Evocations     | 1 2 3 |  3.5
Fighting       | 3 4 |  4.4
Conjurations   | 1 2 |  2.9
Hexes          | 1 2 |  2.9
Charms         | 1 2 |  2.9
Summonings     | 1 2 |  2.9
Necromancy     | 1 2 |  2.9
Translocations | 1 2 |  2.9
Transmutations | 4 |  4.8
Fire Magic     | 1 2 |  2.9
Ice Magic      | 1 2 |  2.9
Air Magic      | 1 2 |  2.9
Earth Magic    | 1 2 |  2.9
Poison Magic   | 1 2 |  2.9
Dodging        | 5 |  5.8
Unarmed Combat | 7 |  7.5

Action                   |  1- 3 |  4- 6 |  7- 9 || total
-------------------------+-------+-------+-------++-------
Melee: Unarmed           |    97 |    92 |   101 ||   290
       Headbutt          |     5 |     3 |       ||     8
       Bite              |    11 |     2 |       ||    13
       Kick              |     9 |     1 |       ||    10
       Punch             |     1 |       |       ||     1
       Staff             |       |     5 |       ||     5
 Cast: Beastly Appendage |    19 |     5 |       ||    24
       Sticks to Snakes  |     1 |     1 |     1 ||     3
       Spider Form       |       |    11 |    14 ||    25
  Use: Scroll            |     7 |     1 |       ||     8
       Potion            |       |       |     1 ||     1
 Stab: Sleeping          |     4 |     2 |     1 ||     7
  Eat: Chunk             |     1 |     4 |     4 ||     9
Armor: Robe              |    12 |     2 |       ||    14
       Skin              |       |     5 |     3 ||     8
Dodge: Dodged            |    69 |    98 |    65 ||   232

Vault maps used:
D:1:      grunt_arrival_crossed_arrows, dk_noncrumbling_4, hex_tiny,
          minmay_surrounded
D:2:      grunt_dithmenos_smoke, uniq_sigmund
D:3:      hex_intersection, minmay_misc_feat_four_crosses, uniq_ijyb
D:4:      nicolae_overflow_crystal_walls, first_ration, uniq_natasha,
          uniq_pikel, uniq_blork_the_orc, uniq_edmund
D:5:      minmay_temple_entry_overgrown
Temple:   eino_temple_rhombus

Table legend:
 A = Turns spent in this place as a percentage of turns spent in the entire game.
 B = Non-inter-level travel turns spent in this place as a percentage of non-inter-level travel turns spent in the entire game.
 C = Inter-level travel turns spent in this place as a percentage of turns spent in this place.
 D = Turns resting spent in this place as a percentage of non-inter-level travel turns spent in this place.
 E = Turns spent auto-exploring this place as a percentage of non-inter-level travel turns spent in this place.
 F = Non-inter-level travel turns spent in this place divided by the number of levels of this place that you've seen.
                   A       B       C       D       E      F
               +-------+-------+-------+-------+-------+----------------------
         Total | 100.0 | 100.0 |   4.4 |   0.0 |  69.3 | 510.2
       Dungeon |  99.6 |  99.6 |   4.5 |   0.0 |  69.6 | 609.6
        Temple |   0.4 |   0.4 |   0.0 |   0.0 |   0.0 |  13.0
               +-------+-------+-------+-------+-------+----------------------

Table legend:
 A = Kills in this place as a percentage of kills in entire the game.
 B = Kills by you in this place as a percentage of kills by you in the entire game.
 C = Kills by friends in this place as a percentage of kills by friends in the entire game.
 D = Other kills in this place as a percentage of other kills in the entire game.
 E = Experience gained in this place as a percentage of experience gained in the entire game.
 F = Experience gained in this place divided by the number of levels of this place that you have seen.
                   A       B       C       D       E      F
               +-------+-------+-------+-------+-------+----------------------
         Total | 100.0 | 100.0 | 100.0 |   N/A | 100.0 | 362.2
       Dungeon | 100.0 | 100.0 | 100.0 |   N/A | 100.0 | 434.6
               +-------+-------+-------+-------+-------+----------------------
